cohdb
Replays
Latest Replays
All Replays
Popular Replays
Top Player Replays
Match Explorer
How It Works
Community
CoH3 Stats
Reddit
Sign in to upload your games and track your stats! →
Sign in with Steam
Match 46748412
Unlisted
Match 46748412
Overview
Messages
Build Orders
End
Panzergrenadier Squad
Selects Panzerjäger Kommand Battlegroup
Selects Mine Fields
250 Light Carrier
250 Light Carrier
Construct Light Support Kompanie
Combat Half-tracks
MG34 Team
Construct Mechanized Kompanie
Selects Defensive Positions
2.5-tonne Medical Truck
254 Reconnaissance Tractor
Panzerjäger Mechanized Group
Marder III Tank Destroyer
Selects Tank Busters
Support Armor Elements
Panzergrenadier Squad
Veteran Squad Leaders
StuG III D Assault Gun
254 Reconnaissance Tractor
Selects Crew Shock Tactics
Pak 38 Mechanized Group
Construct Panzerarmee Kommand
Vehicle Survival Package
Panzer III L Medium Tank
Emergency Repair Kits
Panzergrenadier Squad
Armored Reserves
Panzergrenadier Squad
Selects Elefant Tank Destroyer
StuG Assault Group
Crew Shock Tactics
Destiny
JI
Happy PanzerVI
JBQuib
Cpt Darling
jwalker987
0
0
Comments
sign in to comment!
No comments posted yet!